 Dungeon Crawl Stone Soup version 0.17.1-1-g73c8601 (webtiles) character file.

1127 Kook the Magician (level 8, 67/67 HPs)
             Began as a White Draconian Fire Elementalist on May 5, 2016.
             Quit the game on level 5 of the Dungeon on June 26, 2016.
             The game lasted 00:27:55 (7660 turns).

Kook the Magician (DrFE)                            Turns: 7660, Time: 00:27:55

Health: 67/67      AC:  6    Str: 10    XL:     8   Next: 13%
Magic:  5/15       EV: 12    Int: 18    God:
Gold:   261        SH:  0    Dex: 12    Spells: 4 memorised, 6 levels left

rFire  . . .     SeeInvis .     r - +1 whip (freeze)
rCold  + . .     Clarity  .     (armour unavailable)
rNeg   . . .     SustAt   .     (no shield)
rPois  .         Gourm    .     (helmet restricted)
rElec  .         Spirit   .     (no cloak)
rCorr  .         Warding  .     (no gloves)
rMut   .         Stasis   .     (no boots)
MR     .....                    (no amulet)
Stlth  ++........               (no ring)
                                (no ring)

@: drained, not resistant to hostile enchantments, unstealthy
A: breathe frost, unfitting armour, cold resistance 1, cold-blooded, AC +6
a: Breathe Frost


You were on level 5 of the Dungeon.
You were near starving.

You visited 1 branch of the dungeon, and saw 6 of its levels.
You also visited: Sewer.

You collected 261 gold pieces.

Inventory:

Hand Weapons
 r - a +1 whip of freezing (weapon)
Scrolls
 e - 2 scrolls of amnesia {unknown}
 l - 2 scrolls of enchant armour {unknown}
 q - 2 scrolls of recharging {unknown}
 s - 5 scrolls of remove curse {unknown}
 u - 3 scrolls of identify
 y - a scroll of random uselessness {unknown}
Potions
 c - 4 potions of flight {unknown}
 d - a potion of poison {unknown}
 f - 2 potions of curing
 h - a potion of resistance {unknown}
 i - a potion of might {unknown}
 j - a potion of cancellation {unknown}
 k - 2 potions of heal wounds {unknown}
 m - a potion of degeneration {unknown}
 o - 5 potions of agility {unknown}
 p - 5 potions of brilliance {unknown}
 v - a potion of lignification {unknown}
 w - a potion of mutation {unknown}
 x - a potion of invisibility {unknown}
 z - a potion of berserk rage {unknown}
Books
 a - a book of Flames

   Spells                             Type                      Level
   a - Flame Tongue                   Conjuration/Fire             1
   b - Throw Flame                    Conjuration/Fire             2
   c - Conjure Flame                  Conjuration/Fire             3
   d - Inner Flame                    Hexes/Fire                   3
   e - Sticky Flame                   Conjuration/Fire             4
   f - Fireball                       Conjuration/Fire             5
Comestibles
 b - 4 bread rations
 g - 3 fruits
 n - 2 slices of pizza
 t - a meat ration
 B - 2 royal jellies


   Skills:
 * Level 4.6(4.1) Fighting
 + Level 2.6(2.2) Dodging
 - Level 1.7(1.3) Stealth
 * Level 4.9(4.4) Spellcasting
 * Level 4.5(4.0) Conjurations
 + Level 4.5(4.0) Fire Magic


You had 6 spell levels left.
You knew the following spells:

 Your Spells              Type           Power        Failure   Level  Hunger
a - Flame Tongue          Conj/Fire      ###..        2%          1    None
b - Throw Flame           Conj/Fire      ###...       4%          2    #......
c - Conjure Flame         Conj/Fire      ###.....     10%         3    ###....
d - Sticky Flame          Conj/Fire      ###.....     28%         4    ####...


Dungeon Overview and Level Annotations

Branches:
Dungeon (6/15)
 Temple: D:4-7

Altars:
Dithmenos
Nemelex Xobeh
Qazlal

Annotations:
D:6 Kook's ghost, novice DrFE


Innate Abilities, Weirdness & Mutations

You can breathe waves of freezing cold.
You can buffet flying creatures when you breathe cold.
Your icy white scales are hard (AC +6).
Your body does not fit into most forms of armour.
Your flesh is cold resistant.
You are cold-blooded and may be slowed by cold attacks.


Message History

The flame tongue hits the orc.
You kill the orc!
You climb upwards.
There is a stone staircase leading down here.
You start resting.
Your magical contamination has completely faded away.
You start resting.
HP restored.
You start resting.
A jackal zombie comes into view.
Casting: Flame Tongue
Confirm with . or Enter, or press ? or * to list all spells.
Aiming: Sticky Flame
Press: ? - help, Shift-Dir - straight line, f - jackal zombie
Aim: a jackal zombie The sticky flame hits the jackal zombie.
You destroy the jackal zombie!
You are near starving!
Done exploring.
Are you sure you want to abandon this character and quit the game? (Confirm with "yes".)

#.......>.........######.###
#.##........#.............##
##†########..#####.........##
#............# #..####.....
#..########..#####..## #.)...
##..#######...........###....#
#.............................
#...#######...................
#............@##.##.#..#....##
#..########.#...............##
#..# ###....>...........)..
#..# #.................#.##
#..# #.#..###..........#.##
#..# #.#..# #.##.#.#.......
#..# #.#..###..........#[##
#..# #.#...................
#..# #.#...................


There were no monsters in sight!

Vanquished Creatures
  Sigmund (D:5)
  Duvessa (D:5)
  An ogre (D:5)
  A black bear (D:5)
  Dowan (D:5)
  A scorpion (D:5)
  A giant frog zombie (D:5)
  2 orc priests (D:3)
  A jelly (D:5)
  2 hounds
  4 worker ants
  4 iguanas
  A gnoll (D:3)
  2 shadow imps (D:5)
  2 river rats (D:3)
  4 adders
  An ooze (Sewer)
  An adder skeleton (D:4)
  6 worms
  16 orcs
  8 bats
  9 giant cockroaches
  7 goblins
  10 hobgoblins
  20 kobolds
  3 quokkas
  5 ball pythons
  A giant cockroach zombie (D:5)
  5 giant newts
  4 jackals (D:3)
  A jackal zombie (D:5)
  A quokka skeleton (D:4)
  15 rats
142 creatures vanquished.

Notes
Turn   | Place    | Note
--------------------------------------------------------------
     0 | D:1      | Kook the Draconian Fire Elementalist began the quest for the Orb.
     0 | D:1      | Reached XP level 1. HP: 14/14 MP: 3/3
   214 | D:1      | Reached XP level 2. HP: 22/22 MP: 1/5
  1105 | D:2      | Reached XP level 3. HP: 25/27 MP: 0/6
  1177 | D:2      | Reached skill level 1 in Fighting
  2360 | D:2      | Learned a level 2 spell: Throw Flame
  2364 | D:2      | Learned a level 3 spell: Conjure Flame
  2409 | D:3      | Reached XP level 4. HP: 35/35 MP: 2/7
  2548 | D:3      | Found a glowing drain.
  2599 | Sewer    | Entered a sewer
  2927 | Sewer    | Reached skill level 4 in Fire Magic
  3323 | D:3      | Reached XP level 5. HP: 36/41 MP: 1/9
  4630 | D:4      | Reached XP level 6. HP: 50/50 MP: 4/11
  4703 | D:4      | Found a shadowy altar of Dithmenos.
  5137 | D:4      | Found a sparkling altar of Nemelex Xobeh.
  5564 | D:5      | Entered Level 5 of the Dungeon
  5898 | D:5      | Learned a level 4 spell: Sticky Flame
  5920 | D:5      | Noticed Duvessa
  5920 | D:5      | Noticed Dowan
  6053 | D:5      | Reached skill level 5 in Fire Magic
  6166 | D:5      | Your scales start taking on an icy white colour.
  6166 | D:5      | Gained mutation: Your flesh is cold resistant. [White Draconian growth]
  6166 | D:5      | Reached XP level 7. HP: 36/57 MP: 5/13
  6326 | D:5      | Noticed Sigmund
  6337 | D:5      | Killed Sigmund
  7046 | D:5      | Killed Duvessa
  7056 | D:5      | Killed Dowan
  7056 | D:5      | Reached XP level 8. HP: 24/67 MP: 0/15
  7504 | D:5      | Found a stormy altar of Qazlal.
  7568 | D:6      | Noticed Kook's ghost (novice DrFE)
  7660 | D:5      | Quit the game

Action                   |  1- 3 |  4- 6 |  7- 9 || total
-------------------------+-------+-------+-------++-------
Melee: Short sword       |    27 |    75 |       ||   102
       Whip              |       |    30 |    31 ||    61
 Cast: Flame Tongue      |    88 |   153 |    49 ||   290
       Conjure Flame     |       |     3 |     5 ||     8
       Throw Flame       |       |       |     1 ||     1
       Sticky Flame      |       |       |     1 ||     1
 Abil: Breathe Frost     |       |       |     2 ||     2
  Use: Scroll            |       |     4 |       ||     4
       Potion            |       |       |     1 ||     1
 Stab: Sleeping          |       |     1 |       ||     1
  Eat: Chunk             |     5 |    11 |     4 ||    20
       Royal jelly       |       |     1 |       ||     1
